 Dungeon Sprint DCSS version 0.30-a0-322-g102857c98e (webtiles) character file.

Game seed: 9548622141850752560

6091 rocky1 the Fencer (level 10, -3/89 HPs)
             Began as a Merfolk Gladiator on Oct 28, 2022.
             Was an Initiate of Gozag.
             Slain by Arachne
             ... wielding a staff of poison
              (23 damage)
             ... in the Dungeon (Sprint VII: "The Pits").
             The game lasted 00:07:09 (1861 turns).

rocky1 the Fencer (Merfolk Gladiator)               Turns: 1861, Time: 00:07:10

Health: -3/89      AC: 18    Str: 24    XL:     10   Next: 88%
Magic:  10/10      EV: 19    Int:  8    God:    Gozag
Gold:   618        SH:  0    Dex: 23    Spells: 9/9 levels left

rFire   . . .      SeeInvis +    x - +2 scimitar (holy)
rCold   . . .      Faith    .    (no shield)
rNeg    . . .      Spirit   .    A - +0 chain mail "Laececug" {Drain Str+9 Slay+6}
rPois   .          Reflect  .    q - +1 helmet {SInv}
rElec   .          Harm     .    (no cloak)
rCorr   .          Rampage  .    c - +0 pair of gloves
Will    +....      NoTele   +    z - +3 pair of boots of the Enormous God {Will+ Dex+4}
Stlth   ++........               (no amulet)
HPRegen 0.34/turn                (no ring)
MPRegen 0.12/turn                (no ring)

@: mighty, lethally poisoned (-3 -> -24), hasted, invisible, very quick
A: (nimble swimmer 2), mertail
a: Renounce Religion, Potion Petition, Call Merchant, Bribe Branch


You were in the Dungeon.
You worshipped Gozag.
Gozag was pleased with you.
You visited 1 branch You collected 2691 gold pieces.
You spent 1284 gold pieces at shops.
You paid 789 gold pieces to Gozag.

Inventory:

Hand Weapons
 o - a +2 long sword of flaming
 w - a +2 halberd of freezing
 x - a +2 scimitar of holy wrath (weapon)
 y - a +2 rapier of draining
Missiles
 d - 3 throwing nets (quivered)
 e - a javelin
Armour
 a - a +4 chain mail
 b - a +5 ring mail
 c - a +0 pair of gloves (worn)
 p - a +3 chain mail
 q - a +1 helmet of see invisible (worn)
 z - the +3 pair of boots of the Enormous God (worn) {Will+ Dex+4}
   (You bought it in a shop in the Dungeon)

   Dex:       It affects your dexterity (+4).
   Will:      It increases your willpower.
 A - the +0 chain mail "Laececug" (worn) {Drain Str+9 Slay+6}
   (You bought it in a shop in the Dungeon)

   Str:       It affects your strength (+9).
   Slay:      It affects your accuracy & damage with ranged weapons and melee
   (+6).
   Drain:     It drains your maximum health when unequipped.
Jewellery
 r - a +3 ring of protection
 s - a +3 ring of dexterity
Scrolls
 k - a scroll of blinking
 m - 5 scrolls of amnesia
 n - a scroll of summoning
Potions
 f - 8 potions of curing
 g - 4 potions of heal wounds
 i - 4 potions of magic
 j - 3 potions of berserk rage
 l - a potion of invisibility
 t - a potion of might
 u - a potion of brilliance
 v - a potion of mutation


   Skills:
 + Level 12.2 Fighting
 + Level 17.3 Long Blades
 - Level 4.6 Polearms
 - Level 4.6 Throwing
 + Level 7.6 Armour
 + Level 15.3 Dodging
 + Level 10.0 Stealth


You had 9 spell levels left.
You didn't know any spells.
Your spell library was empty.

Dungeon Overview and Level Annotations

Branches:
Dungeon (1/1)

Altars:
Ashenzari
Cheibriados
Dithmenos
Elyvilon
Fedhas
Gozag
Hepliaklqana
Kikubaaqudgha
Makhleb
Nemelex Xobeh
Okawaru
Qazlal
Ru
Sif Muna
Trog
Uskayaw
Vehumet
Wu Jian
Xom
Yredelemnul
Zin
The Shining One
Jiyva
Lugonu

Shops:
D [

Annotations:
D Arachne


Innate Abilities, Weirdness & Mutations

((You are very nimble when in or above water. (Stealth+, EV+, Speed+++)))
Your lower body shifts to a powerful aquatic tail in water.


Message History

A river rat comes into view.
You slash Arachne!
Arachne is lightly wounded.
You slice Arachne!!
Arachne is moderately wounded.
Arachne mumbles some strange words.
Arachne blinks!
The ogre completely misses you.
The orc knight hits you from afar with a +0 glaive.
The orc warrior barely misses you.
There is an open door, spattered with blood here.
Arachne casts a spell.
Arachne blinks!
You slash Arachne!
Arachne is moderately wounded.
Arachne hits you with a staff of poison!
Arachne envenoms you.
You are poisoned.
You slash Arachne!
Arachne is heavily wounded.
You feel sick.
You slice Arachne!!
Arachne is heavily wounded.
Arachne's staff shoots out a stream of webbing.
The stream of webbing hits you but does no damage.
You are caught in a web!
The web tears apart.
You feel sick.
You are no longer poisoned.
Arachne stares at you and mumbles some strange words.
The bolt of poison hits you!!!
You are poisoned.
You slice Arachne!!
Arachne is severely wounded.
You feel very sick.
Arachne says, "Come closer, little fly."
Arachne hits you with a staff of poison!
* * * LOW HITPOINT WARNING * * *
Arachne envenoms you!!
You die...
Your body crumbles into a pile of gold.

#####''######
...##''################
...##..#..............##
...##..##..............#
...##..####...#)######...
...##..#..#####.##...#
...##..#....##...#o..#
...##..'.....#...#oo.#
#####..'.....'..@Hoo.+
#####..'.....#...#Oo.#
[[.##..#....##...#tr.#
...##..#..#####.##...#
..)##..####...#'######..
..)##..##..............#
..)##..#..............##
#######################


You could see Arachne, an orc knight (unable to see you), an orc sorcerer, 2 orc
warriors, an ogre (unable to see you), a river rat (wandering, unable to see
you) and an orc (unable to see you).

Vanquished Creatures
  An emperor scorpion (D)
  An eidolon (D)
  Erolcha (D)
  2 two-headed ogres (D)
  A sea snake (D)
  A bog body (D)
  A manticore (D)
  A kobold demonologist (D)
  A wraith (D)
  An acid dragon (D)
  3 floating eyes (D)
  A sky beast (D)
  4 wolves (D)
  A quasit (D)
  A hound (D)
  A jelly (D)
  A gnoll bouda (D)
  An iron imp (D)
  Crazy Yiuf (D)
  An iguana (D)
  An adder (D)
  2 gnolls (D)
  A worm (D)
  2 endoplasms (D)
  A giant cockroach (D)
  A hobgoblin (D)
  2 quokkas (D)
  A ball python zombie (D)
  2 bats (D)
  A giant cockroach zombie (D)
  A kobold (D)
41 creatures vanquished.

Notes
Turn   | Place    | Note
-------+----------+-------------------------------------------
     0 | D        | rocky1 the Merfolk Gladiator began the quest for the Orb.
     0 | D        | Reached XP level 1. HP: 16/16 MP: 1/1
    14 | D        | Reached skill level 4 in Long Blades
    18 | D        | Found a bloodstained altar of Trog.
    18 | D        | Found a shimmering blue altar of Sif Muna.
    18 | D        | Found a viscous altar of Jiyva.
    18 | D        | Found a hazy altar of Hepliaklqana.
    18 | D        | Found an opulent altar of Gozag.
    19 | D        | Found a glowing golden altar of the Shining One.
    19 | D        | Found a glowing silver altar of Zin.
    19 | D        | Found a basalt altar of Yredelemnul.
    19 | D        | Found a shimmering altar of Xom.
    19 | D        | Found an ornate altar of the Wu Jian Council.
    19 | D        | Found a sacrificial altar of Ru.
    19 | D        | Found a stormy altar of Qazlal.
    19 | D        | Found an iron altar of Okawaru.
    19 | D        | Found a sparkling altar of Nemelex Xobeh.
    19 | D        | Found a burning altar of Makhleb.
    19 | D        | Found a blossoming altar of Fedhas.
    19 | D        | Found a white marble altar of Elyvilon.
    19 | D        | Found a shadowy altar of Dithmenos.
    19 | D        | Found a snail-covered altar of Cheibriados.
    22 | D        | Found a corrupted altar of Lugonu.
    22 | D        | Found a radiant altar of Vehumet.
    23 | D        | Found an ancient bone altar of Kikubaaqudgha.
    23 | D        | Found a hide-covered altar of Uskayaw.
    23 | D        | Found a broken altar of Ashenzari.
    26 | D        | Became a worshipper of Gozag Ym Sagoz the Greedy
    72 | D        | Reached skill level 5 in Long Blades
    72 | D        | Reached skill level 5 in Dodging
    72 | D        | Reached XP level 2. HP: 19/23 MP: 2/2
   161 | D        | Noticed a floating eye
   165 | D        | Paralysed by a floating eye for 2 turns
   171 | D        | Paralysed by a floating eye for 4 turns
   177 | D        | Killed a floating eye
   178 | D        | Reached skill level 8 in Long Blades
   178 | D        | Reached XP level 3. HP: 24/31 MP: 3/3
   178 | D        | Reached XP level 4. HP: 29/38 MP: 4/4
   178 | D        | Reached XP level 5. HP: 33/43 MP: 5/5
   184 | D        | Reached skill level 9 in Long Blades
   365 | D        | Reached skill level 5 in Fighting
   365 | D        | Reached skill level 1 in Armour
   393 | D        | Noticed Erolcha
   400 | D        | Killed Erolcha
   401 | D        | Reached skill level 13 in Long Blades
   401 | D        | Reached XP level 6. HP: 45/55 MP: 6/6
   401 | D        | Reached XP level 7. HP: 49/60 MP: 7/7
   487 | D        | Paralysed by a floating eye for 4 turns
   495 | D        | Reached skill level 14 in Long Blades
   497 | D        | Reached XP level 8. HP: 68/68 MP: 8/8
   610 | D        | Bought a +1 helmet of see invisible for 198 gold pieces
   723 | D        | Noticed a kobold demonologist
   723 | D        | Noticed a wraith
   735 | D        | Killed a kobold demonologist
   736 | D        | Reached skill level 15 in Long Blades
   741 | D        | Killed a wraith
   918 | D        | Noticed a two-headed ogre
   939 | D        | Paralysed by a floating eye for 3 turns
   947 | D        | Killed a two-headed ogre
   947 | D        | Paralysed by a floating eye for 3 turns
   948 | D        | Reached skill level 5 in Armour
   948 | D        | Reached skill level 5 in Stealth
   948 | D        | Reached XP level 9. HP: 21/78 MP: 9/9
  1001 | D        | Bought the +3 pair of boots of the Enormous God {Will+
                  | Dex+4} for 486 gold pieces
  1189 | D        | Noticed a two-headed ogre
  1190 | D        | Noticed Crazy Yiuf
  1190 | D        | Noticed an emperor scorpion
  1211 | D        | Killed an emperor scorpion
  1212 | D        | Reached skill level 10 in Fighting
  1212 | D        | Reached skill level 16 in Long Blades
  1215 | D        | Noticed a bog body
  1216 | D        | Reached XP level 10. HP: 43/86 MP: 10/10
  1223 | D        | Killed a two-headed ogre
  1227 | D        | Killed a bog body
  1230 | D        | Killed Crazy Yiuf
  1401 | D        | Bought the +0 chain mail "Laececug" {Drain Str+9 Slay+6}
                  | for 600 gold pieces
  1476 | D        | Noticed a manticore
  1487 | D        | Noticed an eidolon
  1487 | D        | Noticed a sea snake
  1495 | D        | Killed a sea snake
  1506 | D        | Killed an eidolon
  1507 | D        | Reached skill level 17 in Long Blades
  1507 | D        | Reached skill level 15 in Dodging
  1517 | D        | Killed a manticore
  1518 | D        | Reached skill level 10 in Stealth
  1847 | D        | Noticed an orc sorcerer
  1847 | D        | Noticed Arachne
  1847 | D        | Noticed a fire crab
  1847 | D        | Noticed an orc knight
  1861 | D        | Slain by Arachne

Illustrated notes

Levels and vault maps discovered:
D:        pitsprint [storerooms_1, entrance_room_1, metal_vault_1, armoury_3,
          mini_pit_1, grid_room_1, main_hall_1, silver_pit, the_coven_2,
          the_vestibule_1, steel_vault_2, golden_pit, hallway_of_sentries,
          crystal_vault_5, iron_vault_3, final_vault]

Skill      XL: |  1  2  3  4  5  6  7  8  9 10 |
---------------+-------------------------------+-----
Long Blades    | 5 8 13 14 15 16 17 | 17.3
Dodging        | 5 7 11 12 13 15 | 15.3
Fighting       | 4 7 9 10 12 | 12.2
Throwing       | 3 4 |  4.6
Armour         | 3 5 6 7 |  7.6
Stealth        | 2 5 7 10 | 10.0
Polearms       | 4 |  4.6

Action                   |  1- 3 |  4- 6 |  7- 9 | 10-12 || total
-------------------------+-------+-------+-------+-------++-------
Melee: Long sword        |    29 |    27 |    27 |       ||    83
       Scimitar          |       |       |    46 |    51 ||    97
       Punch             |       |       |       |     1 ||     1
Invok: Call Merchant     |       |       |     1 |       ||     1
  Use: Potion            |       |     2 |     3 |     5 ||    10
 Stab: Distracted        |       |     1 |       |       ||     1
Armor: Leather armour    |     5 |       |       |       ||     5
       Chain mail        |     6 |     5 |    36 |    10 ||    57
Dodge: Dodged            |    21 |     7 |    24 |    27 ||    79

Table legend: (Time is in decaauts)
 A = Elapsed time spent in this place.
 B = Non-inter-level travel time spent in this place.
 C = Inter-level travel time spent in this place.
 D = Time resting spent in this place.
 E = Time spent auto-exploring this place.
 F = Levels seen in this place.
 G = Mean time per level.
                   A        B        C        D        E       F      G
               +--------+--------+--------+--------+--------+-----+--------+
         Total |   1852 |   1593 |    259 |    980 |      0 |   1 | 1852.0 |
       Dungeon |   1852 |   1593 |    259 |    980 |      0 |   1 | 1852.0 |
               +--------+--------+--------+--------+--------+-----+--------+

Top non-repeatable levels by time:
       D: 1852 daAuts
